 Dungeon Crawl Stone Soup version 0.31-a0-564-g3b7de120b3 (webtiles) character file.

Game seed: 5796176139095737483

33 freelancePsychic the Changeling (level 3, -4/54 HPs)
             Began as an Ogre Shapeshifter on Aug 17, 2023.
             Killed by divine providence
             ... invoked by an orc priest
              (8 damage)
             ... on level 2 of the Dungeon.
             The game lasted 00:03:15 (850 turns).

freelancePsychic the Changeling (Ogre Shapeshifter)  Turns: 850, Time: 00:03:15

Health: -4/54      AC: 21    Str: 19    XL:     3   Next: 29%
Magic:  3/3        EV:  1    Int: 11    God:
Gold:   54         SH:  0    Dex:  9    Spells: 2/2 levels left

rFire   . .          .
                       - Unarmed
rCold   . . .        (no shield)
rNeg    . . .        e - melded +1 animal skin
rPois   +            (helmet currently unavailable)
rElec   .            (cloak currently unavailable)
rCorr   .            (gloves unavailable)
SInv    .            (boots unavailable)
Will    .....        (no amulet)
Stlth   +            (no ring)
HPRegen 0.29/turn    (no ring)
MPRegen 0.08/turn

%: no passive effects
@: tree-form
A: stationary, stasis, torment immunity, boosted hp, large, unfitting armour,
(tough skin 1)
a: no special abilities


You were on level 2 of the Dungeon.
You were a tree.
You visited 1 branch of the dungeon, and saw 2 of its levels.

You collected 54 gold pieces.

Inventory:

Hand Weapons
 a - a +1 dagger of speed
Armour
 e - a +1 animal skin (melded)
Jewellery
 j - an amulet of guardian spirit
Talismans
 c - a beast talisman
 d - a flux talisman
Scrolls
 h - a scroll of identify {unknown}
 i - a scroll of teleportation {unknown}
 l - a scroll of enchant armour
Potions
 f - a potion of degeneration {unknown}
 g - a potion of mutation {unknown}
 k - a potion of might {unknown}


   Skills:
 + Level 2.7 Fighting
 - Level 1.7 Dodging
 + Level 3.1 Unarmed Combat
 + Level 3.3 Shapeshifting


You had 2 spell levels left.
You didn't know any spells.
Your spell library contained the following spells:

 Spells                   Type           Power      Damage    Failure   Level
 Volatile Blastmotes      Fire/Tloc      0%         2d10      71%         3
 Fulminant Prism          Conj/Hex       0%         3d5       98%         4
 Iskenderun's Mystic Bla  Conj/Tloc      0%         2d3       98%         4


Dungeon Overview and Level Annotations

Branches:
Dungeon (2/15)

Altars:

Shops:
D:1 :


Innate Abilities, Weirdness & Mutations

You are a tree.
Your roots penetrate the ground, keeping you stationary.
You cannot be teleported.
You are immune to unholy pain and torment.
Your maximum health is greatly increased.
Your equipment is partially melded.
You are too large for most types of armour.
((You have tough skin. (AC +1)))


Message History

l - 2 scrolls labelled FIUMAF FIRA You now have 54 gold pieces (gained 7).
Found 7 stones.
An orc wizard comes into view. It is wielding a +0 dagger.
The orc wizard shouts!
The orc wizard mumbles some strange words.
The orc wizard flickers and vanishes!
Deactivating autopickup; reactivate with Ctrl-A.
No target in view!
A magic dart appears from out of thin air!
The magic dart hits you!
An orc priest comes into view. It is wielding a +0 dagger.
The orc priest shouts!
You hear a shout!
An orc priest comes into view. It is wielding a +0 whip.
Something hits you.
You miss something.
The orc priest shouts!
You hear some strange, mumbled words.
A magic dart appears from out of thin air!
The magic dart hits you.
An orc comes into view. It is wielding a +0 dagger.
As you read the scroll labelled FIUMAF FIRA, it crumbles to dust.
It is a scroll of enchant armour.
Your +0 animal skin glows green for a moment.
Something hits you. Something hits you but does no damage.
The orc priest mumbles some strange prayers to Beogh against you.
Beogh smites you!
* * * LOW HITPOINT WARNING * * *
Your transformation has ended.
You turn into a tree.
Your +1 animal skin melds into your body.
Your roots penetrate the ground.
Something hits you but does no damage.
You cannot move.
You cannot move.
You cannot move.
Something hits you but does no damage. Something hits you but does no damage.
The orc priest invokes the aid of Beogh against you.
Beogh smites you!
You die...

#.......# #.##
#....##.# #...
#..####.# #.##
#....##.# #.##
#.......# #...
. ####.####
#.## .o. #.#
#.##
.....#######.#
#...
....ooo..♣...#
####
.....#########
#.. #


You could see 2 orc priests and an orc.

Vanquished Creatures
  A worm (D:2)
  2 dart slugs (D:1)
  A ball python (D:1)
  3 endoplasms (D:1)
  4 giant cockroaches
  A goblin (D:1)
  2 hobgoblins (D:1)
  2 kobolds (D:1)
  2 quokkas (D:1)
  4 bats
  A rat (D:1)
23 creatures vanquished.

Notes
Turn   | Place    | Note
-------+----------+-------------------------------------------
     0 | D:1      | freelancePsychic the Ogre Shapeshifter began the quest for
                  | the Orb.
     0 | D:1      | Reached XP level 1. HP: 19/19 MP: 1/1
   119 | D:1      | Reached XP level 2. HP: 12/28 MP: 2/2
   608 | D:1      | Found Teafut's Book Emporium.
   635 | D:1      | Reached XP level 3. HP: 24/36 MP: 3/3
   850 | D:2      | Killed from afar by an orc priest

Illustrated notes

Levels and vault maps discovered:
D:1:      dpeg_arrival_rooms_with_view, layout_rooms, serial_shops, shop,
          st_stairs_12
D:2:      layout_loops_corners, minmay_pentomino_v4

Skill      XL: |  1  2 |
---------------+-------+-----
Fighting       | 2 |  2.7
Unarmed Combat | 3 |  3.1
Dodging        | |  1.7
Shapeshifting  | |  3.3

Action                     || total
---------------------------++-------
  Melee: Dagger            ||    60
         Unarmed           ||    60
    Use: Potion            ||     2
         Scroll            ||     1
 Armour: Skin              ||    33
         Animal skin       ||    32
  Dodge: Dodged            ||    31
   Form: Flux              ||     1

Table legend: (Time is in decaauts)
 A = Elapsed time spent in this place.
 B = Non-inter-level travel time spent in this place.
 C = Inter-level travel time spent in this place.
 D = Time resting spent in this place.
 E = Time spent auto-exploring this place.
 F = Levels seen in this place.
 G = Mean time per level.
                   A        B        C        D        E       F      G
               +--------+--------+--------+--------+--------+-----+--------+
         Total |    825 |    822 |      3 |      0 |    594 |   2 |  412.5 |
       Dungeon |    825 |    822 |      3 |      0 |    594 |   2 |  412.5 |
               +--------+--------+--------+--------+--------+-----+--------+

Top non-repeatable levels by time:
     D:1: 657 daAuts
     D:2: 167 daAuts
